 Dungeon Crawl Stone Soup version 0.30-a0-373-gd37427bb62 (webtiles) character file.

Game seed: 13832762001682000653

359 Raultor the Stinger (level 6, -1/38 HPs)
             Began as an Octopode Transmuter on Nov 23, 2022.
             Slain by an orc
             ... wielding a +0 club
              (3 damage)
             ... on level 4 of the Dungeon.
             The game lasted 00:07:49 (2616 turns).

Raultor the Stinger (Octopode Transmuter)           Turns: 2616, Time: 00:07:49

Health: -1/38      AC:  2    Str: 11    XL:     6   Next: 65%
Magic:  6/9        EV: 19    Int: 16    God:
Gold:   222        SH:  0    Dex: 17    Spells: 3/9 levels left

rFire   . . .      SeeInvis .      - Unarmed
rCold   . . .      Faith    .    (shield currently unavailable)
rNeg    . . .      Spirit   .    (helmet currently unavailable)
rPois   x          Reflect  .    (no amulet)
rElec   .          Harm     .    (no ring)
rCorr   .          Rampage  .    (no ring)
Will    .....                    (no ring)
Stlth   ++........               (no ring)
HPRegen 0.26/turn                (no ring)
MPRegen 0.11/turn                (no ring)
                                 (no ring)
                                 (no ring)

@: spider-form
A: venomous fangs, almost no armour, (amphibious), 8 rings, tiny, (camouflage
1), (gelatinous body 1), (nimble swimmer 1), (tentacles)
a: End Transformation


You were on level 4 of the Dungeon.
You were a venomous arachnid creature.
You visited 1 branch of the dungeon, and saw 4 of its levels.

You collected 222 gold pieces.


Innate Abilities, Weirdness & Mutations

You are a venomous arachnid creature.
You have poisonous fangs.
You are tiny and dextrous.
Your spellcasting is less reliable in this form.
Your armour is entirely melded.
You are incapable of wielding weapons or throwing items.
You cannot wear most types of armour.
((You are amphibious.))
You can wear up to eight rings at the same time.
((Your skin changes colour to match your surroundings (Stealth+).))
((Your rubbery body absorbs attacks. (AC +1, EV +1)))
((You are camouflaged when in or above water. (Stealth+)))
((You have tentacles for arms and can constrict up to eight enemies at once.))


   Skills:
 - Level 1.0 Fighting
 - Level 2.0 Dodging
 - Level 3.0 Unarmed Combat
 - Level 2.0 Spellcasting
 + Level 4.8 Transmutations
 - Level 5.5 Poison Magic


You had 3 spell levels left.
You knew the following spells:

 Your Spells              Type           Power      Damage    Failure   Level
b - Beastly Appendage     Tmut           34%        N/A       10%         1
s - Spider Form           Tmut/Pois      18%        N/A       21%         3
w - Wereblood             Tmut           17%        N/A       13%         2

Your spell library contained the following spells:

 Spells                   Type           Power      Damage    Failure   Level
 Ice Form                 Ice/Tmut       9%         N/A       78%         4

Inventory:

Armour
 b - an orb of guile
Jewellery
 L - a ring of flight
Wands
 g - a wand of mindburst (11)
 n - a wand of digging (4)
Scrolls
 e - 2 scrolls of amnesia {unknown}
 f - a scroll of silence {unknown}
 i - a scroll of magic mapping {unknown}
 j - a scroll of poison {unknown}
 k - 2 scrolls of fear {unknown}
 l - a scroll of noise {unknown}
 o - a scroll of enchant armour {unknown}
 p - a scroll of identify {unknown}
Potions
 a - a potion of lignification
 c - 2 potions of ambrosia {unknown}
 d - 2 potions of curing {unknown}
 h - 3 potions of heal wounds {@q2}
 m - a potion of berserk rage {unknown}
 q - a potion of might {unknown}

Dungeon Overview and Level Annotations

Branches:
Dungeon (4/15)
 Temple: D:4-7

Altars:
Hepliaklqana
Ru
Uskayaw

.♣♣. ....§.♣....
########.P§♣♣P...♣.
#.......# ~♣......
#>.J....#.♣♣P..▒...
#.so....# ..P§.....
#..o....# ♣.▒§..▒♣
#.......#+#♣o§.)...
#######o...PP..⚑..♣
#....P.......
#...P♣P▒...▒.
#....♣.†.....
#...P.)P.▒..8
......♣♣P.......


You could see 2 orc priests, an orc and an endoplasm.


Message History

You turn into a venomous arachnid creature.
The quokka misses you.
You hit the quokka.
You kill the quokka!
You hit the orc priest.
The orc priest is moderately wounded.
The orc priest misses you.
You hit the orc priest but do no damage.
The orc priest is poisoned.
The orc priest is moderately wounded.
The endoplasm jiggles.
The orc priest hits you with a +0 flail!
You barely miss the orc priest.
The orc priest is heavily wounded.
The orc priest hits you with a +0 flail.
* * * LOW HITPOINT WARNING * * *
The endoplasm hits you.
* * * LOW HITPOINT WARNING * * *
You hit the orc priest.
The orc priest looks even sicker.
The orc priest is severely wounded.
The endoplasm barely misses you. The orc priest misses you.
You hit the orc priest.
The orc priest looks as sick as possible!
The orc priest is almost dead.
The endoplasm completely misses you.
The orc priest mumbles some strange prayers to Beogh against you.
Beogh smites you!
* * * LOW HITPOINT WARNING * * *
The orc hits you with a +0 club.
You die...

Skill      XL: |  1  2  3  4 |
---------------+-------------+-----
Transmutations | 3 4 |  4.8
Poison Magic   | 1 5 |  5.5
Fighting       | |  1.0
Dodging        | |  2.0
Unarmed Combat | |  3.0
Spellcasting   | |  2.0

Action                   |  1- 3 |  4- 6 || total
-------------------------+-------+-------++-------
Melee: Unarmed           |    87 |    70 ||   157
       Constrict         |    22 |    12 ||    34
       Tentacles         |    19 |    12 ||    31
       Kick              |    10 |     6 ||    16
       Punch             |     2 |     3 ||     5
 Cast: Beastly Appendage |     7 |     5 ||    12
       Spider Form       |       |     4 ||     4
       Wereblood         |       |     2 ||     2
  Use: Potion            |       |     1 ||     1
 Stab: Sleeping          |     4 |     2 ||     6
Armor: Skin              |     5 |     7 ||    12
Dodge: Dodged            |    33 |    53 ||    86

Levels and vault maps discovered:
D:1:      beargit_arrival_greenhouse, layout_rooms
D:2:      layout_basic
D:3:      layout_loops_ring, jmf_multi_god_temple, serial_aquarium,
          aquarium_bridge_straight [aquarium_subvault_bridge,
          aquarium_subvault_wall, aquarium_subvault_bridge,
          aquarium_subvault_wall], aquarium_window_2, aquarium_window_corner,
          aquarium_window_fake, aquarium_window_fake, aquarium_view_2e,
          aquarium_balcony_5b, minmay_quantized, uniq_sigmund
D:4:      wad_woods_stonehenge, layout_gridville, okawaru_metal_pillars_1_2,
          minmay_box_of_dots

Notes
Turn   | Place    | Note
-------+----------+-------------------------------------------
     0 | D:1      | Raultor the Octopode Transmuter began the quest for the
                  | Orb.
     0 | D:1      | Reached XP level 1. HP: 13/13 MP: 3/3
    79 | D:1      | Reached XP level 2. HP: 12/18 MP: 3/5
   182 | D:1      | Reached skill level 3 in Transmutations
   284 | D:1      | Reached XP level 3. HP: 23/23 MP: 4/6
   712 | D:2      | Reached skill level 4 in Transmutations
   770 | D:2      | Learned a level 3 spell: Spider Form
   957 | D:2      | Reached skill level 1 in Poison Magic
   957 | D:2      | Reached XP level 4. HP: 19/28 MP: 7/7
   960 | D:2      | Learned a level 2 spell: Wereblood
  1453 | D:3      | Reached skill level 2 in Poison Magic
  1620 | D:3      | Found a hide-covered altar of Uskayaw.
  1621 | D:3      | Found a hazy altar of Hepliaklqana.
  1727 | D:3      | HP: 1/28 [adder (4)]
  1799 | D:3      | Noticed Sigmund
  1811 | D:3      | Killed Sigmund
  1812 | D:3      | Reached skill level 5 in Poison Magic
  1812 | D:3      | Reached XP level 5. HP: 6/33 MP: 5/8
  1812 | D:3      | Reached XP level 6. HP: 8/38 MP: 5/9
  2570 | D:4      | Found a sacrificial altar of Ru.
  2589 | D:4      | Identified the +8 spear of Pain and Death {vorpal, rF- rC+
                  | Dex+2}
  2616 | D:4      | HP: 2/38 [orc priest/divine providence (14)]
  2616 | D:4      | Slain by an orc

Vanquished Creatures
  Sigmund (D:3)
  An orc priest (D:3)
  An orc wizard (D:3)
  An iguana (D:3)
  3 adders
  5 dart slugs
  6 orcs
  7 ball pythons
  8 endoplasms
  4 giant cockroaches (D:1)
  9 goblins
  2 hobgoblins
  2 jackals (D:1)
  3 quokkas
  4 bats
  2 frilled lizards
  6 kobolds
  5 rats
70 creatures vanquished.

Vanquished Creatures (others)
  10 plants (D:4)
10 creatures vanquished.

Grand Total: 80 creatures vanquished

Table legend: (Time is in decaauts)
 A = Elapsed time spent in this place.
 B = Non-inter-level travel time spent in this place.
 C = Inter-level travel time spent in this place.
 D = Time resting spent in this place.
 E = Time spent auto-exploring this place.
 F = Levels seen in this place.
 G = Mean time per level.
                   A        B        C        D        E       F      G
               +--------+--------+--------+--------+--------+-----+--------+
         Total |   2606 |   2508 |     98 |      0 |   1968 |   4 |  651.5 |
       Dungeon |   2606 |   2508 |     98 |      0 |   1968 |   4 |  651.5 |
               +--------+--------+--------+--------+--------+-----+--------+

Top non-repeatable levels by time:
     D:3: 1119 daAuts
     D:2: 802 daAuts
     D:1: 631 daAuts
     D:4: 51 daAuts

Table legend:
 A = Non-vault XP
 B = Vault XP
 C = Vault XP percentage of total XP
 D = Non-vault monster count
 E = Vault monster count
 F = Vault count percentage of total count
                 A         B        C        D         E       F
            +---------+---------+-------+---------+---------+-------
      Total |     251 |     263 |  51.2 |      61 |       9 |  12.9
            +---------+---------+-------+---------+---------+-------
        D:1 |      55 |       0 |   0.0 |      27 |       0 |   0.0
        D:2 |      51 |       0 |   0.0 |      15 |       0 |   0.0
        D:3 |     142 |     258 |  64.5 |      18 |       6 |  25.0
        D:4 |       3 |       5 |  62.5 |       1 |       3 |  75.0
            +---------+---------+-------+---------+---------+-------
